 Dungeon Crawl Stone Soup version 0.31-a0-198-g2ad674f65e (webtiles) character file.

Game seed: 11708039186206361723

42 qw the Shooter (level 3, 0/20 HPs)
             Began as a Deep Elf Hunter on June 25, 2023.
             Slain by an adder (1 damage)
             ... on level 2 of the Dungeon.
             The game lasted 00:00:23 (705 turns).

qw the Shooter (Deep Elf Hunter)                     Turns: 705, Time: 00:00:23

Health: 0/20       AC:  4    Str:  7 (10) XL:     3   Next: 35%
Magic:  5/5        EV: 12    Int: 10 (13) God:
Gold:   72         SH:  0    Dex: 16 (18) Spells: 2/2 levels left

rFire   . . .        Y - +0 shortbow
rCold   . . .        (shield currently unavailable)
rNeg    . . .        c - +0 leather armour
rPois   .            (no helmet)
rElec   .            (no cloak)
rCorr   .            j - +0 pair of gloves
SInv    .            (no boots)
Will    +....        (no amulet)
Stlth   ++           d - ring of willpower
HPRegen 0.23/turn    (no ring)
MPRegen 0.09/turn

%: no passive effects
@: no status effects
A: no striking features
a: no special abilities


You were on level 2 of the Dungeon.
You visited 1 branch of the dungeon, and saw 2 of its levels.

You collected 72 gold pieces.


   Skills:
 - Level 1.5 Fighting
 + Level 6.9 Ranged Weapons
 - Level 2.4 Dodging
 - Level 1.2 Stealth


You had 2 spell levels left.
You didn't know any spells.
Your spell library was empty.

Inventory:

Hand Weapons
 Y - a +0 shortbow (weapon)
Armour
 c - a +0 leather armour (worn)
 j - a +0 pair of gloves (worn)
Jewellery
 d - a ring of willpower (left hand)
Potions
 e - a potion of might {unknown}
 f - a potion of haste {unknown}
 i - a potion of curing {unknown}

Dungeon Overview and Level Annotations

Branches:
Dungeon (2/15)

Altars:


Message History

The jackal is heavily wounded.
The jackal closely misses you. The jackal misses you.
A frilled lizard comes into view.
The jackal bites you but does no damage.
You shoot an arrow. The frilled lizard hisses angrily.
The arrow hits the jackal.
The jackal is severely wounded.
The adder closely misses you.
You shoot an arrow. The arrow hits the jackal.
You kill the jackal!
The adder bites you.
You are poisoned.
The adder poisons you!
The jackal bites you but does no damage.
The jackal barely misses you.
An adder comes into view.
The adder barely misses you.
You shoot an arrow. The arrow barely misses the adder.
You feel sick.
The jackal closely misses you. x2; The adder barely misses you.
The jackal misses you. The jackal closely misses you.
You shoot an arrow. The arrow misses the adder.
You feel sick.
The adder falls through a shaft!
The shaft crumbles and collapses.
The jackal bites you. The adder bites you. The hobgoblin misses you.
The jackal closely misses you.
You shoot an arrow. The arrow closely misses the adder.
You feel sick. The jackal barely misses you. The adder barely misses you.
The jackal closely misses you. The hobgoblin hits you.
The jackal barely misses you. The adder bites you. The jackal misses you.
You shoot an arrow. The arrow hits the adder.
The adder is heavily wounded.
You feel sick.
You are no longer poisoned.
The jackal closely misses you.
The hobgoblin hits you but does no damage.
The jackal bites you. The adder closely misses you.
The jackal closely misses you.
You shoot an arrow. The arrow misses the adder.
The jackal closely misses you. The hobgoblin hits you. The adder bites you.
You die...

##.#..#..#.....
...#..#..#.....
.>............. #<.
..#..##....#.....%..
#.......................
#.#.#.#... ......l%...$.
.........##+##.hSg......
#.#.#.#..#~¤¤#..@h#
......#..+¤~¤+....#
.........#¤¤~#....#
#......##'##.#..#
##..###...#..##.#
####...........# ...
..%...#######........
####..## ..........
###...# #.#####.###.


You could see an adder, 2 jackals, a hobgoblin and a frilled lizard.

Vanquished Creatures
  3 ball pythons (D:1)
  6 bats
  7 endoplasms (D:1)
  A giant cockroach (D:1)
  A hobgoblin (D:1)
  6 jackals
  A quokka (D:2)
  6 goblins (D:1)
  2 kobolds (D:1)
  2 rats (D:1)
35 creatures vanquished.

Notes
Turn   | Place    | Note
-------+----------+-------------------------------------------
     0 | D:1      | qw the Deep Elf Hunter began the quest for the Orb.
     0 | D:1      | Reached XP level 1. HP: 12/12 MP: 3/3
     0 | D:1      | 0 ||| qw: Version: 0.3-a-22-g0ed2b0b
     0 | D:1      | 0 ||| qw: Game counter: 5153
     0 | D:1      | 0 ||| qw: Melee chars always use a shield: true
     0 | D:1      | 0 ||| qw: God list: Okawaru
     0 | D:1      | 0 ||| qw: Allow faded altars: false
     0 | D:1      | 0 ||| qw: Do Orc after clearing Dungeon:15 true
     0 | D:1      | 0 ||| qw: Do second Lair branch before Depths: true
     0 | D:1      | 0 ||| qw: Lair rune preference: random
     0 | D:1      | 0 ||| qw: Goals: Normal
     0 | D:1      | 0 ||| PLANNING D:1-11
    77 | D:1      | Reached skill level 6 in Ranged Weapons
    77 | D:1      | Reached XP level 2. HP: 16/16 MP: 4/4
   330 | D:1      | Reached XP level 3. HP: 20/20 MP: 5/5
   628 | D:1      | 628 ||| UPGRADING to +0 pair of gloves.
   633 | D:1      | 633 ||| UPGRADING to ring of willpower.
   634 | D:1      | 634 ||| READING scroll labelled ZILOEG METHU.
   639 | D:1      | 639 ||| READING scroll labelled ECOABU MASICH.
   640 | D:1      | 640 ||| DRINKING 2 golden potions.
   641 | D:1      | 641 ||| DROPPING scroll of butterflies.
   642 | D:1      | 642 ||| DROPPING potion of degeneration.
   704 | D:2      | HP: 4/20 [jackal (2)]
   705 | D:2      | HP: 1/20 [hobgoblin (3)]
   705 | D:2      | Slain by an adder

Levels and vault maps discovered:
D:1:      lightli_arrival_boilingwater, layout_basic
D:2:      layout_basic, minmay_liquid_box

Skill      XL: |  1 |
---------------+----+-----
Ranged Weapons | 6 |  6.9
Fighting       | |  1.5
Dodging        | |  2.4
Stealth        | |  1.2

Action                     || total
---------------------------++-------
   Fire: Shortbow          ||    95
    Use: Scroll            ||     2
         Potion            ||     1
 Armour: Leather armour    ||    15
  Dodge: Dodged            ||    35

Table legend:
 A = Non-vault XP
 B = Vault XP
 C = Vault XP percentage of total XP
 D = Non-vault monster count
 E = Vault monster count
 F = Vault count percentage of total count
                 A         B        C        D         E       F
            +---------+---------+-------+---------+---------+-------
      Total |      61 |       0 |   0.0 |      35 |       0 |   0.0
            +---------+---------+-------+---------+---------+-------
        D:1 |      50 |       0 |   0.0 |      29 |       0 |   0.0
        D:2 |      11 |       0 |   0.0 |       6 |       0 |   0.0
            +---------+---------+-------+---------+---------+-------
